 Dungeon Crawl Stone Soup version 0.17.2-1-ge4368a0 (webtiles) character file.

35 Charly the Insei (level 3, 0/17 HPs)
             Began as a Vine Stalker Transmuter on July 9, 2017.
             Slain by an iguana (14 damage)
             ... on level 4 of the Dungeon.
             The game lasted 00:03:56 (292 turns).

Charly the Insei (Vine Stalker Transmuter)           Turns: 292, Time: 00:03:56

Health: 0/17       AC:  2    Str: 12    XL:     3   Next: 33%
Magic:  0/7        EV: 12    Int: 14    God:
Gold:   0          SH:  0    Dex: 14    Spells: 3 memorised, 0 levels left

rFire  . . .     SeeInvis .       - Unarmed
rCold  . . .     Clarity  .     b - +0 robe
rNeg   . . .     SustAt   .     (no shield)
rPois  .         Gourm    .     (no helmet)
rElec  .         Spirit   +     (no cloak)
rCorr  .         Warding  .     (no gloves)
rMut   .         Stasis   .     (no boots)
MR     .....                    (no amulet)
Stlth  ++........               (no ring)
                                f - ring of stealth

@: very slightly contaminated, not resistant to hostile enchantments, unstealthy
A: fangs 2, regeneration 1, magic shield, antimagic bite, no device heal 3, rot
immunity
a: no special abilities


You were on level 4 of the Dungeon.
You were not hungry.

You visited 1 branch of the dungeon, and saw 4 of its levels.

Inventory:

Missiles
 a - 18 arrows
Armour
 b - a +0 robe (worn)
Jewellery
 f - a ring of stealth (left hand)
Wands
 m - a wand of polymorph (9)
Scrolls
 e - a scroll of fear {unknown}
 g - a scroll of enchant armour {unknown}
 k - a scroll of remove curse {unknown}
 l - a scroll of identify {unknown}
 o - a scroll of teleportation {unknown}
Potions
 h - a potion of flight {unknown}
 i - a potion of haste {unknown}
 j - a potion of agility {unknown}
 n - a potion of invisibility {unknown}
Books
 c - a book of Changes

   Spells                             Type                      Level
   a - Beastly Appendage              Transmutation                1
   b - Sticks to Snakes               Transmutation                2
   c - Spider Form                    Transmutation/Poison         3
   d - Ice Form                       Ice/Transmutation            4
   e - Blade Hands                    Transmutation                5
Comestibles
 d - 2 bread rations
 p - a meat ration


   Skills:
 - Level 0.8 Fighting
 - Level 1.5 Dodging
 + Level 4.3 Unarmed Combat
 - Level 2.1 Spellcasting
 - Level 2.0 Transmutations


You couldn't memorise any spells.
You knew the following spells:

 Your Spells              Type           Power        Failure   Level  Hunger
a - Beastly Appendage     Trmt           #.....       12%         1    #......
s - Sticks to Snakes      Trmt           #.........   17%         2    ###....
S - Spider Form           Trmt/Pois      #.........   47%         3    ###....


Dungeon Overview and Level Annotations

Branches:
Dungeon (4/15)
 Temple: D:4-7

Altars:
Elyvilon
Vehumet

Annotations:
D:2 Terence
D:4 Charly's ghost, amateur VSTm


Innate Abilities, Weirdness & Mutations

You have extremely sharp teeth.
Your natural rate of healing is unusually fast.
When hurt, damage is shared between your health and your magic reserves.
Your bite disrupts and absorbs the magic of your enemies.
Potions and wands cannot restore your health.
You are immune to rotting.


Message History

Your adder withers and dies!
The iguana bites you.
Casting: Sticks to Snakes
Confirm with . or Enter, or press ? or * to list all spells.
You miscast Spider Form.
You are very lightly contaminated with residual magic.
You are engulfed in noxious fumes.
You choke on the stench!
You are confused.
The iguana closely misses you.
You hit the iguana but do no damage. You bite the iguana, but do no damage.
The iguana is lightly wounded.
You are engulfed in noxious fumes.
You choke on the stench!
You are more confused.
The iguana barely misses you.
You barely miss the iguana.
The iguana is lightly wounded.
You feel less confused. The iguana bites you!
Ouch! That really hurt!
You die...

..## #...### #..#
#...... ##.###...#
#.......# .
####....## #..
#......# ...
#.####.## .. #.
#..#########.# ..
###..#...@l...# ###
#.#
#.......#########.##
# ..
#.#####...........<#
##a# ...
###########.##### #
..## . ###......# .
..W.###W.......#
#............#
#..[...#..r..#
.$.............#


You could see an iguana.

Vanquished Creatures
  An adder (D:2)
  A giant gecko (D:1)
  3 hobgoblins (D:1)
  3 kobolds
  A bat (D:1)
  2 goblins (D:1)
  2 jackals (D:4)
  A jackal skeleton (D:4)
14 creatures vanquished.

Vanquished Creatures (collateral kills)
  A worker ant (D:4)
1 creature vanquished.

Grand Total: 15 creatures vanquished

Notes
Turn   | Place    | Note
--------------------------------------------------------------
     0 | D:1      | Charly the Vine Stalker Transmuter began the quest for the Orb.
     0 | D:1      | Reached XP level 1. HP: 9/9 MP: 4/4
    88 | D:1      | Reached XP level 2. HP: 14/14 MP: 6/6
   126 | D:2      | Noticed Terence
   140 | D:2      | Reached skill level 4 in Unarmed Combat
   144 | D:2      | Learned a level 2 spell: Sticks to Snakes
   151 | D:3      | Found a white marble altar of Elyvilon.
   201 | D:3      | Found a radiant altar of Vehumet.
   240 | D:4      | Noticed Charly's ghost (amateur VSTm)
   251 | D:4      | Reached XP level 3. HP: 17/17 MP: 7/7
   271 | D:4      | Learned a level 3 spell: Spider Form
   292 | D:4      | Slain by an iguana

Action                   || total
-------------------------++-------
Melee: Unarmed           ||    46
 Cast: Beastly Appendage ||     1
       Sticks to Snakes  ||     3
 Stab: Sleeping          ||     3
